 Dungeon Crawl Stone Soup version 0.31-a0-408-gb642c7f9a3 (webtiles) character file.

Game seed: 971566150919261296

397 Gelion the Changeling (level 6, -5/42 HPs)
             Began as an Octopode Shapeshifter on July 29, 2023.
             Slain by Pikel
             ... wielding a +2 whip of electrocution
              (9 damage)
             ... on level 4 of the Dungeon.
             The game lasted 00:05:08 (2642 turns).

Gelion the Changeling (Octopode Shapeshifter)       Turns: 2642, Time: 00:05:08

Health: -5/42      AC:  5    Str: 14    XL:     6   Next: 83%
Magic:  6/6        EV: 13    Int: 11    God:
Gold:   139        SH:  0    Dex: 14    Spells: 5/5 levels left

rFire   . . .        g - +1 dagger
rCold   . . .        (no shield)
rNeg    . . .        (helmet currently unavailable)
rPois   .            (no amulet)
rElec   .            e - +4 ring of protection
rCorr   .            (no ring)
SInv    .            (no ring)
Will    .....        (no ring)
Stlth   ++           (no ring)
HPRegen 0.27/turn    (no ring)
MPRegen 0.10/turn    (no ring)
                     (no ring)

%: no passive effects
@: beast-form, hasted, studying Axes, very quick
A: beast (slay +3), almost no armour, amphibious, 8 rings, camouflage 1,
gelatinous body 1, (nimble swimmer 1), tentacles
a: Begin Untransformation


You were on level 4 of the Dungeon.
You were a hulking beast.
You visited 1 branch of the dungeon, and saw 4 of its levels.

You collected 139 gold pieces.

Inventory:

Hand Weapons
 g - a +1 dagger (weapon)
Jewellery
 e - a +4 ring of protection (left tentacle)
 h - a ring of positive energy
Talismans
 b - a beast talisman
Wands
 c - a wand of flame (14)
Scrolls
 i - 2 scrolls of blinking
 k - 2 scrolls of enchant weapon
Potions
 a - a potion of lignification
 d - a potion of ambrosia
 f - a potion of curing
 j - 3 potions of haste


   Skills:
 + Level 3.3 Fighting
 - Level 2.0 Dodging
 + Level 4.4 Unarmed Combat
 * Level 5.0 Shapeshifting


You had 5 spell levels left.
You didn't know any spells.
Your spell library was empty.

Dungeon Overview and Level Annotations

Branches:
Dungeon (4/15)
 Temple: D:4-7

Altars:

Shops:
D:3 =

Annotations:
D:4 Pikel


Innate Abilities, Weirdness & Mutations

You are a hulking beast.
Your limbs bulge with bestial killing power. (Slay +3)
You cannot wear most types of armour.
You are amphibious.
You can wear up to eight rings at the same time.
Your skin changes colour to match your surroundings (Stealth+).
Your rubbery body absorbs attacks. (AC +1, EV +1)
((You are camouflaged when in or above water. (Stealth+)))
You have tentacles for arms and can constrict up to eight enemies at once.


Message History

You feel yourself speed up. The lemure hits you.
* * * LOW HITPOINT WARNING * * *
You hit the lemure. You grab the lemure. You squeeze the lemure.
The lemure is moderately wounded.
You constrict the lemure, but do no damage.
You puncture the lemure!
The lemure is heavily wounded.
You constrict the lemure, but do no damage.
The lemure hits you but does no damage.
You hit the lemure. You squeeze the lemure!
The lemure is almost dead.
You constrict the lemure. You hit the lemure.
You kill the lemure!
That felt strangely unrewarding.
You barely miss Pikel. You grab Pikel. You constrict Pikel.
Pikel says, "You'll burn in Gehenna!"
Pikel barely misses you.
You barely miss Pikel.
Pikel is lightly wounded.
You constrict Pikel, but do no damage. You hit Pikel but do no damage.
Pikel is lightly wounded.
You constrict Pikel, but do no damage.
Pikel hits you with a +2 whip of electrocution!
* * * LOW HITPOINT WARNING * * *
You hit Pikel.
Pikel is lightly wounded.
You constrict Pikel. Pikel misses you.
You hit Pikel. You squeeze Pikel.
Pikel is moderately wounded.
You constrict Pikel. You hit Pikel but do no damage.
Pikel is moderately wounded.
You constrict Pikel. Pikel barely misses you.
You hit Pikel but do no damage.
Pikel is moderately wounded.
You constrict Pikel.
Pikel hits you with a +2 whip of electrocution!
You die...

...#.####### .###.# #.#
...#.......# ....# #.#
########.†.# #..# #.#
.......#†..# #..###.#
.......#...# #.....#
######.#...# #.##..## # #.†.#
#.##...#
#########'#########'###..#
................hK...##..##+###
#########.########...##.......#
### +...').......#
#...##.......# #...##.......#
#...###...#### #...# ##....
##### ###... ...5


You could see Pikel.

Vanquished Creatures
  A centaur (D:4)
  4 lemures (D:4)
  Blork the orc (D:4)
  A scorpion (D:4)
  A wight (D:4)
  An iguana (D:4)
  An orc wizard (D:4)
  2 adders (D:4)
  A worm (D:2)
  2 dart slugs
  11 orcs
  4 endoplasms
  2 giant cockroaches
  3 hobgoblins
  3 jackals (D:4)
  8 kobolds
  A quokka (D:2)
  3 ball pythons
  3 bats (D:2)
  4 frilled lizards
  3 goblins
  5 rats
65 creatures vanquished.

Notes
Turn   | Place    | Note
-------+----------+-------------------------------------------
     0 | D:1      | Gelion the Octopode Shapeshifter began the quest for the
                  | Orb.
     0 | D:1      | Reached XP level 1. HP: 13/13 MP: 1/1
   317 | D:1      | Reached XP level 2. HP: 14/18 MP: 2/2
   744 | D:2      | Found a faded altar of an unknown god.
   902 | D:2      | Reached XP level 3. HP: 23/23 MP: 3/3
  1573 | D:3      | Found Veubiari's Jewellery Shop.
  1950 | D:4      | Reached XP level 4. HP: 15/29 MP: 4/4
  2143 | D:4      | Noticed a scorpion
  2153 | D:4      | Killed a scorpion
  2154 | D:4      | Reached skill level 4 in Shapeshifting
  2154 | D:4      | Reached XP level 5. HP: 23/35 MP: 5/5
  2359 | D:4      | Noticed Blork the orc
  2371 | D:4      | Killed Blork the orc
  2372 | D:4      | Reached XP level 6. HP: 25/42 MP: 6/6
  2523 | D:4      | Reached skill level 5 in Shapeshifting
  2599 | D:4      | Noticed Pikel
  2642 | D:4      | Slain by Pikel

Illustrated notes

Levels and vault maps discovered:
D:1:      dpeg_arrival_stone_temple_mockup, layout_loops_ring
D:2:      layout_loops_cross, shapermc_ecumenical_altar_mp_highgroup,
          minmay_tiny_reverse_x
D:3:      layout_loops_ring, serial_shops, nicolae_shop_gaudy_bauble
D:4:      minmay_goblin_kobold_castle, layout_basic,
          minmay_temple_entry_nine_rooms, minmay_manual_monolith, uniq_pikel,
          uniq_blork_the_orc

Skill      XL: |  1  2  3  4  5  6 |
---------------+-------------------+-----
Fighting       | 2 3 |  3.3
Shapeshifting  | 4 5 |  5.0
Unarmed Combat | 4 |  4.4
Dodging        | |  2.0

Action                     |  1- 3 |  4- 6 || total
---------------------------+-------+-------++-------
  Melee: Dagger            |    71 |    74 ||   145
         Constrict         |    26 |    16 ||    42
         Unarmed           |     4 |       ||     4
         Tentacles         |    17 |    23 ||    40
         Punch             |     3 |     4 ||     7
    Use: Scroll            |     7 |       ||     7
         Potion            |       |     2 ||     2
   Stab: Sleeping          |     8 |     4 ||    12
 Armour: Skin              |     6 |    11 ||    17
  Dodge: Dodged            |    30 |    37 ||    67

Table legend: (Time is in decaauts)
 A = Elapsed time spent in this place.
 B = Non-inter-level travel time spent in this place.
 C = Inter-level travel time spent in this place.
 D = Time resting spent in this place.
 E = Time spent auto-exploring this place.
 F = Levels seen in this place.
 G = Mean time per level.
                   A        B        C        D        E       F      G
               +--------+--------+--------+--------+--------+-----+--------+
         Total |   2636 |   2589 |     47 |      0 |   2162 |   4 |  659.0 |
       Dungeon |   2636 |   2589 |     47 |      0 |   2162 |   4 |  659.0 |
               +--------+--------+--------+--------+--------+-----+--------+

Top non-repeatable levels by time:
     D:4: 699 daAuts
     D:2: 651 daAuts
     D:3: 648 daAuts
     D:1: 637 daAuts
